Cogmind - Beta 15 @@@ ROGUE MODE // 2025.09.23 @ 20:50:20 Player: beans Result: Destroyed by Y-54 Guardian with Flak Gun Performance ------------- Evolutions (3) 1500 Regions Visited (4) 800 Robots Destroyed (79) 395 Value Destroyed (1997) 1997 Prototype IDs (3) 60 Alien Tech Used (0) 0 Bonus (0) 0 TOTAL SCORE: 4752 Bonus ------- None Cogmind --------- Core Integrity 0/700 Matter 227/300 Energy 82/100 System Corruption 1% Temperature Cool (12) Movement Core (50) Location -7/Factory Parts ------- > --- POWER (2) -------- (None) > --- PROPULSION (3) --- (None) > --- UTILITY (4) ------ (None) > --- WEAPON (4) ------- (None) > --- INVENTORY (5) ---- Cooling System Heavy EM Shotgun Beam Rifle Plasma Cutter Peak State ------------ > --- POWER ------------ Light Nuclear Core > --- PROPULSION ------- Improved Hover Unit Airjet > --- UTILITY ---------- Cooling System Energy Filter > --- WEAPON ----------- Lightning Gun Lightning Gun > --- INVENTORY -------- Heavy EM Shotgun Beam Rifle Plasma Cutter [Rating: 22] Favorites ----------- Power Heavy Ion Engine Engine Heavy Ion Engine Power Core Light Nuclear Core Propulsion Light Treads Treads Light Treads Hover Unit Airjet Utility Cooling System Device Cooling System Hackware System Shield Protection Hardened Light Armor Plating Weapon Beam Rifle Energy Gun Beam Rifle Energy Cannon EM Pulse Cannon Ballistic Gun Assault Rifle Special Weapon Plasma Cutter Build | -11 -10 -9 -8 -7 ------- Run | Yrd Mat Mat Mat Fac Slots Evolved 6 | . . 2 2 2 Power 1 | . . . . 1 Propulsion 1 | . . . . 1 Utility 2 | . . . 2 . Weapon 2 | . . 2 . . Parts Attached 45 | 5 3 17 11 9 Power 7 | 1 . 2 3 1 Engine 5 | 1 . 2 2 . Core 2 | . . . 1 1 Reactor . | . . . . . Propulsion 6 | 2 . 2 . 2 Treads 4 | 2 . 2 . . Leg . | . . . . . Wheel . | . . . . . Hover 2 | . . . . 2 Flight . | . . . . . Utility 8 | . 2 1 3 2 Device 6 | . 2 1 1 2 Storage . | . . . . . Processor . | . . . . . Hackware 1 | . . . 1 . Protection 1 | . . . 1 . Artifact . | . . . . . Weapon 24 | 2 1 12 5 4 Energy Gun 21 | 1 1 11 4 4 Energy Cannon 1 | . . . 1 . Ballistic Gun 1 | 1 . . . . Ballistic Cannon . | . . . . . Launcher . | . . . . . Special Weapon 1 | . . 1 . . Impact Weapon . | . . . . . Slashing Weapon . | . . . . . Piercing Weapon . | . . . . . Special Melee Weapon . | . . . . . Unidentified Prototypes 3 | . . 2 1 . Corrupted Parts 1 | . . . 1 . System Corruption 4 | . . . 4 . Parts Lost 28 | . . 6 16 6 Power 4 | . . . 3 1 Propulsion 5 | . . 2 2 1 Utility 5 | . . . 4 1 Weapon 14 | . . 4 7 3 Highest Loss Streak 11 | . . 3 11 3 To Critical Strikes . | . . . . . Average Backups 3 | . 1 3 4 3 Power . | . . . . . Propulsion . | . . . . . Utility 1 | . . 1 1 . Weapon 1 | . . 1 1 2 Tool/Special . | . . . . . Unused Backups 3 | 1 . 2 . . Power 1 | . . 1 . . Propulsion 1 | 1 . . . . Utility 1 | . . 1 . . Weapon . | . . . . . Tool/Special . | . . . . . Average Slot Usage (%) 78 | . 80 91 70 26 Engine 9 | . 14 10 7 . Treads 14 | . 28 19 9 . Device 17 | . 10 20 16 5 Hackware 2 | . . . 5 . Energy Gun 33 | . 23 40 30 11 Peak Build Rating 22 | 5 8 19 20 22 Average Rating 14 | 3 6 15 16 13 On Entrance 6 | . 5 8 18 1 Naked Turns 89 | . . . 58 31 Heaviest Build 24 | 8 8 23 24 18 Greatest Support 40 | 40 40 40 40 15 Greatest Overweight (x) 5 | . . 5 3 2 Average Overweight (x) . | . . . . . Largest Inventory Capacity 5 | 5 5 5 5 5 Average Capacity 5 | 5 5 5 5 5 Most Carried 5 | 4 2 5 5 5 Average Carried 3 | . 1 3 4 3 Final Capacity 5 | 5 5 5 5 5 Final Carried 5 | . 2 5 4 4 Class Distribution -------------------- 42% | Scavenger-Gunner 31% | Gunner 26% | Mutant Dominant Class ---------------- Mutant | -10/Materials Scavenger-Gunner | -9/Materials Gunner | -8/Materials Mutant | -7/Factory Resources | -11 -10 -9 -8 -7 ----------- Run | Yrd Mat Mat Mat Fac Matter Collected 580 | 190 95 200 95 . Remotely . | . . . . . Salvage Created 3391 | . 210 1905 1072 204 Parts 159 | . 7 98 46 8 Haulers Intercepted 8 | . 1 5 2 . Recyclers Shooed 2 | . . 1 1 . Parts Field Recycled . | . . . . . Retrieved Matter . | . . . . . Parts Self-Destructed . | . . . . . Prevented . | . . . . . Kills | -11 -10 -9 -8 -7 ------- Run | Yrd Mat Mat Mat Fac Combat Hostiles Destroyed 46 | . 4 27 11 4 Guns 43 | . 4 27 8 4 Classes Destroyed 13 | . 2 7 3 1 Worker 4 | . . 2 2 . Builder 3 | . . . 3 . Tunneler 1 | . . . 1 . Hauler 8 | . 1 5 2 . Recycler 9 | . . 6 3 . Mechanic 2 | . . . 2 . Operator 1 | . . 1 . . Watcher 5 | . . 2 3 . Swarmer 5 | . . 2 3 . Grunt 29 | . 4 17 5 3 Duelist 1 | . . 1 . . Sentry 10 | . . 7 3 . Programmer 1 | . . . . 1 Best Kill Streak 6 | . 2 6 5 2 Combat Bots Only 5 | . 2 5 3 2 Max Kills in Single Turn 2 | . 1 2 2 1 Gunslinging 1 | . . 1 . . Exploded . | . . . . . Melee . | . . . . . Uniques/NPCs Destroyed . | . . . . . Combat | -11 -10 -9 -8 -7 -------- Run | Yrd Mat Mat Mat Fac Hostile Shots Fired 437 | . 30 90 133 184 Missed 145 | . 10 30 31 74 Hits 292 | . 20 60 102 110 Melee 1 | . . 1 . . Projectile 291 | . 20 59 102 110 AOE 1 | . . . . 1 Critical Strikes 8 | . . 1 6 1 Damage Taken 3953 | . 247 772 1730 1204 Core 1352 | . 56 57 537 702 Absorbed by Shields 77 | . . . . 77 Core Remaining (%) 66 | 100 77 85 2 . Volleys Fired 197 | . 22 87 70 18 Largest 4 | . 2 4 4 2 Hottest 224 | . 80 224 224 126 Shots Fired 589 | . 44 294 219 32 Gun 585 | . 44 294 215 32 Cannon 4 | . . . 4 . Launcher . | . . . . . Special . | . . . . . Kinetic 5 | . 5 . . . Thermal 546 | . 39 294 202 11 Explosive . | . . . . . Electromagnetic 38 | . . . 17 21 Robot Hit Streak 17 | . 17 13 14 8 Robot Miss Streak 5 | . 4 5 5 2 Penetration Max . | . . . . . Secondary Targets 7 | . . 5 1 1 Max Gunslinging Chain 1 | . . 1 1 1 Shots Hit Robots 335 | . 32 172 117 14 Core Hits 144 | . 12 73 48 11 Critical Kills . | . . . . . Critical Parts Destroyed . | . . . . . Critical Strikes 29 | . . 10 18 1 Burn 29 | . . 10 18 1 Melee Attacks . | . . . . . Impact . | . . . . . Slashing . | . . . . . Piercing . | . . . . . Sneak Attacks . | . . . . . Combat Hostiles . | . . . . . Follow-up Attacks . | . . . . . Damage Inflicted 4856 | . 390 2333 1863 270 Guns 4746 | . 390 2333 1758 265 Cannons 105 | . . . 105 . Explosions . | . . . . . Melee . | . . . . . Ramming 5 | . . . . 5 Kinetic 56 | . 56 . . . Thermal 4345 | . 334 2333 1516 162 Explosive . | . . . . . Electromagnetic 450 | . . . 347 103 Impact . | . . . . . Slashing . | . . . . . Piercing . | . . . . . Highest Corruption 4 | . . . 4 1 Average Corruption 2 | . . . 4 1 Corruption Purged . | . . . . . Corruption Blocked . | . . . . . Effects 4 | . . . 4 . Message Errors 2 | . . . 2 . Matter Fused 1 | . . . 1 . Weapon Failures 1 | . . . 1 . Overload Shots . | . . . . . Overflow Damage . | . . . . . Projectiles . | . . . . . Explosions . | . . . . . Melee . | . . . . . Knockbacks . | . . . . . Impact . | . . . . . Kinetic . | . . . . . Secondary . | . . . . . Self-Inflicted Damage 2 | . . . . 2 Shots . | . . . . . Rammed 2 | . . . . 2 Targets Rammed 2 | . . . . 2 Kicked . | . . . . . Crushed . | . . . . . Highest Temperature 165 | . 36 140 57 165 Average Temperature 25 | . 11 31 15 54 Received Heat Transfer 1689 | . 135 303 792 459 Siege Activations . | . . . . . Martial Activations . | . . . . . Shielding Activations . | . . . . . Robots Disrupted . | . . . . . Combat Hostiles . | . . . . . Robots Corrupted 1 | . . . 1 . Combat Hostiles 1 | . . . 1 . Parts Fried 2 | . . . 2 . Impact Corruptions . | . . . . . Robots Melted 2 | . . . 2 . Combat Hostiles 2 | . . . 2 . Parts Melted 37 | . 1 15 21 . Heat Transferred 12857 | . 750 6520 5180 407 Parts Sabotaged . | . . . . . Parts Stolen . | . . . . . Parts Stripped . | . . . . . Power Chain Reactions . | . . . . . Alert | -11 -10 -9 -8 -7 ------- Run | Yrd Mat Mat Mat Fac Maximum Alert Level 1 | . . 1 . . Low Security (%) 75 | 100 100 50 100 100 Level 1 24 | . . 49 . . Level 2 . | . . . . . Level 3 . | . . . . . Level 4 . | . . . . . Level 5 . | . . . . . High Security . | . . . . . Max Security . | . . . . . Peak Influence 368 | . 57 368 181 50 Initial 152 | . . 5 152 25 Average 127 | . 27 198 80 8 Influence Increases 1582 | . 103 887 502 90 Destroy 0b10 Robot/C 920 | . 80 540 220 80 Destroy 0b10 Robot/NC 165 | . 5 80 80 . Destroy Leader 276 | . 12 174 80 10 Successful Hack 6 | . 6 . . . Destroy Structure 5 | . . 3 2 . Lose Combat Pursuer 210 | . . 90 120 . Influence Decreases 1582 | . 90 539 805 148 Entered New Map 250 | . . 8 209 33 Time Decay 1065 | . 90 471 439 65 Lost Part 267 | . . 60 157 50 Squads Dispatched 8 | . . 4 4 . Investigation 2 | . . 2 . . Extermination . | . . . . . Reinforcement 4 | . . 2 2 . Assault . | . . . . . Garrison 2 | . . . 2 . Intercept . | . . . . . Searches Triggered . | . . . . . Construction Impeded . | . . . . . Haulers Reinforced . | . . . . . Active Scanning Responses . | . . . . . Cargo Convoy Interrupts . | . . . . . Stealth | -11 -10 -9 -8 -7 --------- Run | Yrd Mat Mat Mat Fac Distress Signals 4 | . . 3 1 . Communications Jammed . | . . . . . Distress Signals . | . . . . . Times Spotted 83 | . 6 37 30 10 Peak Tracking Total 8 | . 2 7 6 8 Tactical Retreats 11 | . . 5 6 . Traps | -11 -10 -9 -8 -7 ------- Run | Yrd Mat Mat Mat Fac Traps Triggered 5 | . . 2 1 2 Indirectly . | . . . . . Trap Hack Attempts . | . . . . . Triggered . | . . . . . Disarmed . | . . . . . Reprogrammed . | . . . . . Reused . | . . . . . Traps Extracted . | . . . . . Installed . | . . . . . Triggered . | . . . . . Machines | -11 -10 -9 -8 -7 ---------- Run | Yrd Mat Mat Mat Fac Machines Disabled . | . . . . . Max in Single Turn . | . . . . . Machines Repaired . | . . . . . Machines Dismantled . | . . . . . Machines Sabotaged . | . . . . . Overloaded Fab Kills . | . . . . . Hacking | -11 -10 -9 -8 -7 --------- Run | Yrd Mat Mat Mat Fac Machines Accessed 3 | . 2 1 . . Terminals 3 | . 2 1 . . Fabricators . | . . . . . Repair Stations . | . . . . . Recycling Units . | . . . . . Scanalyzers . | . . . . . Garrison Access . | . . . . . Total Hacks 6 | . 4 2 . . Successful 3 | . 1 2 . . Failed 3 | . 3 . . . Catastrophic 2 | . 2 . . . Database Lockouts . | . . . . . Manual 2 | . 2 . . . Terminals 6 | . 4 2 . . Fabricators . | . . . . . Repair Stations . | . . . . . Recycling Units . | . . . . . Scanalyzers . | . . . . . Garrison Access . | . . . . . Terminal Hacks 3 | . 1 2 . . Record 1 | . . 1 . . Terminal Index 1 | . 1 . . . Maintenance Status 1 | . . 1 . . Fabricator Hacks . | . . . . . Repair Station Hacks . | . . . . . Recycling Unit Hacks . | . . . . . Scanalyzer . | . . . . . Garrison Access Hacks . | . . . . . Unauthorized Hacks . | . . . . . Terminals . | . . . . . Fabricators . | . . . . . Repair Stations . | . . . . . Recycling Units . | . . . . . Scanalyzers . | . . . . . Garrison Access . | . . . . . Data Cores Recovered . | . . . . . Used . | . . . . . Hacking Detections 3 | . 2 1 . . Full Trace Events 1 | . 1 . . . Feedback Events . | . . . . . Feedback Blocked . | . . . . . Robot Schematics Acquired . | . . . . . Robots Built . | . . . . . Authchips . | . . . . . Time . | . . . . . Total Robot Build Rating . | . . . . . Part Schematics Acquired . | . . . . . Parts Built . | . . . . . Authchips . | . . . . . Time . | . . . . . Total Part Build Rating . | . . . . . Parts Repaired . | . . . . . Time . | . . . . . Parts Recycled . | . . . . . Recycled Matter . | . . . . . Retrieved Matter . | . . . . . Retrieved Components . | . . . . . Parts Scanalyzed . | . . . . . Part Schematics Acquired . | . . . . . Parts Damaged . | . . . . . Bothacking | -11 -10 -9 -8 -7 ------------ Run | Yrd Mat Mat Mat Fac Used RIF Installer . | . . . . . Robots Hacked . | . . . . . Non-combat . | . . . . . Combat . | . . . . . Robot Hacks Applied . | . . . . . Relay Couplers Released . | . . . . . Fabnet Peak Effective % . | . . . . . Robots Rewired . | . . . . . Allies Hacked . | . . . . . Hacks Repelled . | . . . . . Allies | -11 -10 -9 -8 -7 -------- Run | Yrd Mat Mat Mat Fac Total Allies . | . . . . . Largest Group . | . . . . . Highest-Rated Group . | . . . . . Highest-Rated Ally . | . . . . . Total Orders . | . . . . . Ally Attacks . | . . . . . Total Damage . | . . . . . Kills . | . . . . . Allies Corrupted . | . . . . . Allies Melted . | . . . . . Intel | -11 -10 -9 -8 -7 ------- Run | Yrd Mat Mat Mat Fac Active Infowar (turns) . | . . . . . Robot Analysis Total . | . . . . . Derelict Logs Recovered . | . . . . . Drone Launches . | . . . . . Drone Recoveries . | . . . . . Exploration | -11 -10 -9 -8 -7 ------------- Run | Yrd Mat Mat Mat Fac Turns Passed 3039 | 45 200 1477 1090 227 Spaces Moved 1454 | 32 75 701 508 138 Core 249 | 15 . 2 166 66 Treads 1133 | 17 75 699 342 . Legs . | . . . . . Wheels . | . . . . . Hover 72 | . . . . 72 Flight . | . . . . . Fastest Speed 50 | 50 160 160 50 50 Average Speed 154 | 108 160 161 163 94 Slowest Speed 300 | 160 160 300 240 180 Overloaded Moves . | . . . . . Propulsion Burnouts . | . . . . . Robots Hopped . | . . . . . Potential Cave-ins . | . . . . . Cave-ins Triggered . | . . . . . Exploration Rate (%) 27 | 3 19 61 51 3 Regions Visited 4 Branch Regions . Pre-discovered Areas . | . . . . . Known Exits Taken . | . . . . . Unknown Exits Taken 4 | 1 1 1 1 . Scrap Searched . | . . . . . Spaces Dug . | . . . . . Terrain Destroyed . | . . . . . Melee . | . . . . . Projectile . | . . . . . AOE . | . . . . . Terrain Rammed . | . . . . . Walls Destroyed . | . . . . . Machines Disabled . | . . . . . Actions | -11 -10 -9 -8 -7 --------- Run | Yrd Mat Mat Mat Fac Total 1825 | 43 111 850 618 203 Wait 57 | . 8 15 17 17 Move 1450 | 31 74 700 507 138 Hop . | . . . . . Pick Up 40 | 6 3 19 7 5 Fast Attach 7 | . . 1 3 3 Attach 34 | 5 2 12 7 8 Detach 5 | . 1 . 1 3 Swap 10 | . 1 7 2 . Drop 16 | 1 . 9 4 2 Fire 197 | . 22 87 70 18 Melee . | . . . . . Ram 2 | . . . . 2 Kick . | . . . . . Crush . | . . . . . Escape Stasis 7 | . . . . 7 Rewire . | . . . . . Trap . | . . . . . Miscellaneous . | . . . . . Route ------- -11/Scrapyard -10/Materials -9/Materials (discovered 5 exits: [*Mat x3] / [*Min x2]) -8/Materials -7/Factory History --------- Turn | Location | Event 5 | -11/Scrapyard | Discovered new exit (range 16) 46 | -11/Scrapyard | Entered Materials 241 | -10/Materials | Discovered new exit (range 3) 246 | -10/Materials | Entered another Materials area 246 | -9/Materials | Evolved 2 slots: Weapon x2 306 | -9/Materials | Build established: Mutant 610 | -9/Materials | Discovered new exit (range 8) 716 | -9/Materials | Discovered new exit (range 16) 732 | -9/Materials | Build established: Scavenger-Gunner 959 | -9/Materials | Discovered new exit (range 13) 1042 | -9/Materials | Lost 3 parts (1n2w) 1274 | -9/Materials | Discovered new exit (range 16) 1457 | -9/Materials | Discovered new exit (range 8) 1723 | -9/Materials | Entered another Materials area 1723 | -8/Materials | Evolved 2 slots: Utility x2 2132 | -8/Materials | Build established: Gunner 2627 | -8/Materials | Garrison activated, responded to threat 2712 | -8/Materials | Lost 11 parts (2p1n3u5w) 2718 | -8/Materials | Core integrity fell below 50% 2751 | -8/Materials | Core integrity fell below 20% 2764 | -8/Materials | Lost 3 parts (1p2w) 2806 | -8/Materials | Discovered new exit (range 16) 2813 | -8/Materials | Entered Factory 2813 | -7/Factory | Evolved 2 slots: Power x1, Propulsion x1 2933 | -7/Factory | Build established: Mutant 3008 | -7/Factory | Lost 3 parts (1n1u1w) 3023 | -7/Factory | Core integrity fell below 50% 3036 | -7/Factory | Core integrity fell below 20% 3040 | -7/Factory | Destroyed by Y-54 Guardian with Flak Gun Last Messages --------------- U-05 Engineer suffers critical hit (Burn). R-06 Scavenger collects Aluminum Leg. R-06 Scavenger collects Lgt. Nuclear Core. Slammed into G-47 Trooper. Triggered Stasis Trap. A bubble of rippling energy engulfs the area. Field strength at 94. Field strength at 88. Field strength at 78. Field strength at 67. Field strength at 50. Field strength at 44. Field strength at 34. Field strength at 23. Nuclear Reactor explodes. Stasis field depleted. R-06 Scavenger destroyed. G-47 Trooper destroyed. R-06 Scavenger collects Lgt. Nuclear Core. The unstable cave ceiling collapses. Map ----- +----------------------------------------------------+ | ?#############???????????????????????????????????? | | ?# # ???????????????????????????????????? | | ?# # #???????????????????????????????????? | | ?# # #???????????????????????????????????? | | ?# # #???????????????????????????????????? | | ?# "" """ # #???????????????????????????????????? | | ?# S"" """ # #???????????????????????????????????? | | ?# "" """ # #???????????????????????????????????? | | ?# # #???????????????????????????????????? | | #########+## ###??####???????????????????????????? | | ## ?? ????????????????????????????? | | ######! ## ? +????????????????????????? | | ?????# = [## """ """ #????????????????????????? | | ?????# =[[## """ """ #????????????????????????? | | ?????# =[ ## """ """ #????????????????????????? | | ###### ! ## #????????????????????????? | | ## #????????????????????????? | | ### ##### ########?????????????????? | | ??#?????# [ ##/## #????????????????? | | ????#####/# % + " #????????????????? | | ????# ! %# # T ?????????????????? | | ????# """ # % # " #????????????????? | | ????# """ +% ! + #????????????????? | | ????# """ # = # """ #????????????????? | | ????# # =%* # """ #????????????????? | | ????# # = #@""" #????????????????? | | ????# # + k +????????????????? | | ????# + # #????????????????? | | ????#""" # ##+######## #????????????????? | | ????#"Y # #?????????# #????????????????? | | ????#""" # #?????????# ! /!!#????????????????? | | ????# # #?????????# !! #????????????????? | | ????####### #?????????# !! #????????????????? | | ??????????# #?????????# #????????????????? | | ??????????? #?????????? #????????????????? | | ??????????? ??????????####Y###????????????????? | | ??????????? ??????????????##??????????????????? | | ??????????? ??????????????????????????????????? | | ??????????? !???????????????????????????????????? | | ?????????????????????????????????????????????????? | | ?????????????????????????????????????????????????? | | ?????????????????????????????????????????????????? | | ?????????????????????????????????????????????????? | | ?????????????????????????????????????????????????? | | ?????????????????????????????????????????????????? | | ?????????????????????????????????????????????????? | | ?????????????????????????????????????????????????? | | ?????????????????????????????????????????????????? | | ?????????????????????????????????????????????????? | | ?????????????????????????????????????????????????? | +----------------------------------------------------+ Best States ------------- Heat Dissipation 85 Energy Generation 14 Energy Capacity 280 Matter Stores 300 Matter Capacity 300 Sight Range 16 Terrain Scan Density 10 Armor Coverage 150 Evasion (%) 53 Recoil Reduction 2 Energy Filtering 30 Defensive Hacking 10 Item Schematics ----------------- None Robot Schematics ------------------ None Fabricated ------------ Nothing Repaired ---------- Nothing Alien Tech Used ----------------- None Achievements -------------- None Challenges ------------ None Game ------ Seed SuperquantumHelicalActivator Manual? 0 Play Time 00:18:40 Cumulative 158.1 hours Start 2025.09.23 @ 20:34:01 End 2025.09.23 @ 20:50:20 Sessions 1 Manual Loads 0 Difficulty Rogue Special Mode None Game No. 511 Rogue 510 Adventurer 1 Explorer 0 Win Type - Total 0 Types 0/0/0/0/0/0/0/0/0/0 Lore% 56 Gallery% 53 Achievement% 42 Wizard Run 0 Options --------- Layout 1 ASCII 0 Keyboard 0 Movement Mouse Keybinds 0 Fullscreen 2 Font 24/Smallcaps Map View 50x35 Zoom Use 0% Tactical HUD 0 Map Filters NONE Filters NONE Steam 1 RUN: 3a1039c7-7497-4ca3-9cfd-894471c3c4ca